 Dungeon Crawl Stone Soup version 0.30-a0-29-g142975f185 (webtiles) character file.

Game seed: 7939753603324455908

95 Flugkiller the Trooper (level 4, -3/41 HPs)
             Began as a Minotaur Fighter on Aug 26, 2022.
             Killed by nerve-wracking pain
             ... invoked by an orc priest
              (4 damage)
             ... on level 4 of the Dungeon.
             The game lasted 00:01:09 (2132 turns).

Flugkiller the Trooper (Minotaur Fighter)           Turns: 2132, Time: 00:01:09

Health: -3/41      AC: 12    Str: 21    XL:     4   Next: 39%
Magic:  3/3        EV:  9    Int:  5    God:
Gold:   110        SH:  9    Dex: 11    Spells: 3/3 levels left

rFire   . . .      SeeInvis .    a - +0 war axe
rCold   . . .      Faith    .    c - +0 buckler
rNeg    . . .      Spirit   .    b - +0 scale mail
rPois   .          Reflect  +    i - +1 hat
rElec   .          Harm     .    (no cloak)
rCorr   .          Rampage  .    (no gloves)
Will    .....                    (no boots)
Stlth   ..........               e - amulet of reflection
HPRegen 0.13/turn                p - +4 ring of protection
MPRegen 0.08/turn                (no ring)

@: no status effects
A: horns 2, retaliatory headbutt
a: no special abilities


You were on level 4 of the Dungeon.
You visited 1 branch of the dungeon, and saw 4 of its levels.

You collected 245 gold pieces.
You spent 135 gold pieces at shops.

Inventory:

Hand Weapons
 a - a +0 war axe (weapon)
Missiles
 u - 3 boomerangs (quivered)
Armour
 b - a +0 scale mail (worn)
 c - a +0 buckler (worn)
 i - a +1 hat (worn)
   (You found it on level 1 of the Dungeon)
Jewellery
 e - an amulet of reflection (around neck)
   (You found it on level 2 of the Dungeon)
 p - a +4 ring of protection (left hand)
   (You bought it in a shop on level 4 of the Dungeon)
Scrolls
 g - 2 scrolls of magic mapping {unknown}
 h - a scroll of butterflies {unknown}
 k - 2 scrolls of noise {unknown}
 m - a scroll of silence {unknown}
 n - a scroll of acquirement {unknown}
 r - a scroll of identify {unknown}
 s - a scroll of poison {unknown}
 t - 3 scrolls of teleportation
Potions
 d - a potion of might
 f - 3 potions of curing {unknown}
 j - 2 potions of attraction {unknown}
 l - 4 potions of cancellation {unknown}
 q - 2 potions of degeneration {unknown}
 v - a potion of berserk rage {unknown}
 w - a potion of heal wounds {unknown}
 x - a potion of brilliance {unknown}


   Skills:
 + Level 4.4 Fighting
 * Level 4.3 Axes
 + Level 4.4 Armour
 - Level 3.6 Shields


You had 3 spell levels left.
You didn't know any spells.
Your spell library was empty.

Dungeon Overview and Level Annotations

Branches:
Dungeon (4/15)
 Temple: D:4-7

Altars:
Uskayaw

Shops:
D:2 [   D:4 *


Innate Abilities, Weirdness & Mutations

You have a pair of horns on your head.
You reflexively headbutt those who attack you in melee.


Message History

a +0 dagger; 8 poisoned darts You now have 110 gold pieces (gained 9).
You see here a book of Dangerous Friends.
A kobold comes into view. It is wielding a +0 short sword.
The kobold shouts!
The kobold moves out of view.
A kobold is nearby!
A kobold is nearby!
A kobold is nearby!
The kobold hits you with a +0 short sword.
You barely miss the kobold. You block the kobold's attack.
You closely miss the kobold. The kobold barely misses you.
You barely miss the kobold. Your headbutt misses the kobold.
The kobold barely misses you. You block the kobold's attack.
You closely miss the kobold. You block the kobold's attack.
You barely miss the kobold. You block the kobold's attack.
You slash the kobold!
You kill the kobold!
Found a stone staircase leading down.
Found a buckler.
Found a stone staircase leading down.
Found a pair of gloves and 2 stones.
No target in view!
No target in view!
f - 3 black potions (gained 1)
Found a stone staircase leading down. 2 orcs come into view.
The orc shouts! x2; You hear a shout! x2
There are monsters nearby!
An orc comes into view. It is wielding a +0 falchion.
Found 20 gold pieces.
The orc shouts!
An endoplasm comes into view.
Found a golden potion.
The endoplasm quivers.
The endoplasm jiggles.
The orc hits you but does no damage. The orc closely misses you.
You hit the orc.
You kill the orc!
You closely miss the orc. The orc hits you but does no damage.
An orc comes into view. It is wielding a +0 club.
You slash the orc!
You kill the orc!
You hit the orc. You block the orc's attack.
You barely miss the orc. You headbutt the orc.
You kill the orc!
You barely miss the endoplasm. The endoplasm freezes you.
You are frozen.
You slash the endoplasm!
You kill the endoplasm!
An orc priest comes into view. It is wielding a +0 dagger.
The orc priest shouts!
You hear a shout!
You see here a +0 falchion.
You slash the orc!
You kill the orc!
An orc comes into view. It is wielding a +0 hand axe.
Things that are here:
a +0 club; a +0 ring mail
Found 11 gold pieces.
The orc priest hits you with a +0 dagger.
You closely miss the orc priest.
The orc priest invokes the aid of Beogh against you.
Pain shoots through your body!
You barely miss the orc priest.
The orc priest hits you but does no damage.
The orc priest looks encouraged for a moment.
The orc misses you. You furiously retaliate!
You headbutt the orc, but do no damage. You closely miss the orc priest.
You barely miss the orc. You block the orc's attack.
A ball python comes into view.
The orc priest hits you but does no damage.
You barely miss the orc priest.
The ball python hisses angrily.
You hit the orc but do no damage. You block the orc's attack.
You block the orc priest's attack.
You slash the orc priest!
The orc priest is almost dead.
You hit the orc but do no damage. The orc hits you with a +0 hand axe.
The orc priest invokes the aid of Beogh against you.
Beogh smites you!
The orc priest calls down the wrath of Beogh upon you.
Beogh smites you!
* * * LOW HITPOINT WARNING * * *
You block the orc's attack.
You are too injured to fight recklessly!
You are too injured to fight recklessly!
You are too injured to fight recklessly!
You are too injured to fight recklessly!
You are too injured to fight recklessly!
You are too injured to fight recklessly!
You are too injured to fight recklessly!
There are monsters nearby!
Unknown command.
Okay, then.
You closely miss the orc priest.
The orc priest is almost dead.
You hit the orc. You block the orc's attack.
The orc priest invokes the aid of Beogh against you.
Pain shoots through your body!
You die...

......####..........##.
.......#...........# .
##......###......##
#....?..# ##......#
##......####(.##.... #.
#........##..##..#..
##..##))).....#..#
..#..
.......)......#... .##
. .......@>.....#
......oo........
.............$..
.....!.S........
..............#
...........####
.#.........#
##....$...#


You could see an orc priest, an orc and a ball python.

Vanquished Creatures
  3 gnolls (D:2)
  An adder (D:2)
  A dart slug (D:2)
  5 orcs (D:4)
  4 endoplasms
  A giant cockroach (D:3)
  4 goblins
  6 hobgoblins
  7 kobolds
  A quokka (D:1)
  5 ball pythons (D:2)
  4 bats
  2 frilled lizards
  5 rats
49 creatures vanquished.

Vanquished Creatures (others)
  6 demonic plants (D:2)
  A fungus (D:2)
  A plant (D:2)
  A withered plant (D:2)
9 creatures vanquished.

Grand Total: 58 creatures vanquished

Notes
Turn   | Place    | Note
-------+----------+-------------------------------------------
     0 | D:1      | Flugkiller the Minotaur Fighter began the quest for the
                  | Orb.
     0 | D:1      | Reached XP level 1. HP: 19/19 MP: 0/0
   184 | D:1      | Reached XP level 2. HP: 27/27 MP: 1/1
   815 | D:2      | Found Adigojid's Armour Emporium.
   830 | D:2      | Reached XP level 3. HP: 32/33 MP: 2/2
  1028 | D:2      | Found a faded altar of an unknown god.
  1164 | D:2      | Reached XP level 4. HP: 38/41 MP: 3/3
  1720 | D:3      | Found a hide-covered altar of Uskayaw.
  1931 | D:4      | Found Vogesm's Assorted Antiques.
  1938 | D:4      | Bought an opal ring for 135 gold pieces
  2131 | D:4      | HP: 1/41 [orc priest/divine providence (13)]
  2132 | D:4      | Killed from afar by an orc priest

Illustrated notes

Levels and vault maps discovered:
D:1:      dpeg_arrival_simpleton_c, layout_rooms, serial_corexii_hall,
          corexii_hall_statues_x, corexii_hall_statues_deadend,
          chequers_hall_statues_y, corexii_hall_statues_l,
          corexii_hall_statues_s, chequers_hall_statues_y,
          minmay_indecisive_spiral
D:2:      layout_rooms, serial_shops, nicolae_diamond_shop,
          shapermc_ecumenical_altar_gd, minmay_unequal
D:3:      layout_basic, eat_drink_and_be_merry_uskayaw
D:4:      layout_cave_pools, serial_shops, shop, minmay_misc_feat_hallway

Skill      XL: |  1  2  3 |
---------------+----------+-----
Axes           | 3 4 |  4.3
Fighting       | 4 |  4.4
Armour         | 4 |  4.4
Shields        | |  3.6

Action                   |  1- 3 |  4- 6 || total
-------------------------+-------+-------++-------
Melee: War axe           |    60 |    33 ||    93
       Headbutt          |    10 |     3 ||    13
  Use: Scroll            |       |     1 ||     1
Armor: Scale mail        |    40 |    10 ||    50
Dodge: Dodged            |    21 |    10 ||    31
Block: Buckler           |    18 |    17 ||    35
       Reflection        |       |     1 ||     1

Table legend: (Time is in decaauts)
 A = Elapsed time spent in this place.
 B = Non-inter-level travel time spent in this place.
 C = Inter-level travel time spent in this place.
 D = Time resting spent in this place.
 E = Time spent auto-exploring this place.
 F = Levels seen in this place.
 G = Mean time per level.
                   A        B        C        D        E       F      G
               +--------+--------+--------+--------+--------+-----+--------+
         Total |   2163 |   2106 |     57 |      0 |   1773 |   4 |  540.8 |
       Dungeon |   2163 |   2106 |     57 |      0 |   1773 |   4 |  540.8 |
               +--------+--------+--------+--------+--------+-----+--------+

Top non-repeatable levels by time:
     D:2: 744 daAuts
     D:1: 684 daAuts
     D:3: 492 daAuts
     D:4: 243 daAuts
